 Dungeon Crawl Stone Soup version 0.30-a0-1082-g70414cbcbb (webtiles) character file.

Game seed: 8379046870076477932

81240 Zeldest the Sage (level 15, -16/96 (112) HPs)
             Began as a Demonspawn Ice Elementalist on Apr 16, 2023.
             Was a High Priest of Sif Muna.
             Engulfed by a cloud of freezing vapour (21 damage)
             ... while paralysed by an orc sorcerer
             ... on level 2 of the Orcish Mines.
             The game lasted 01:26:27 (22538 turns).

Zeldest the Sage (Demonspawn Ice Elementalist)     Turns: 22538, Time: 01:26:27

HP:   -16/96 (112)  AC: 12    Str:  9    XL:     15   Next: 26%
MP:   0/31          EV:  2    Int: 24    God:    Sif Muna [*****.]
Gold: 1902          SH:  0    Dex: 13    Spells: 4/25 levels left

rFire   + . .      SeeInvis .      - Unarmed
rCold   . . .      Faith    .    M - orb {light}
rNeg    . . .      Spirit   +    a - +4 moon troll leather armour {Spirit, Regen++ MP+5}
rPois   .          Reflect  .    (helmet restricted)
rElec   .          Rampage  .    u - +0 cloak
rCorr   .                        (no gloves)
Will    +....                    N - +2 pair of boots {Stlth+}
Stlth   +                        P - amulet of the acrobat
HPRegen 1.96/turn                D - ring of protection from fire
MPRegen 0.44/turn                p - +4 ring of slaying

@: paralysed, freezing walls, glowing, heavily drained
A: antennae 2, claws 2, foul stench 2, magic shield, magic regeneration,
weakness stinger 1
a: Renounce Religion, Channel Magic, Forget Spell, Divine Exegesis


You were on level 2 of the Orcish Mines.
You worshipped Sif Muna.
Sif Muna was extremely pleased with you.
You visited 4 branches of the dungeon, and saw 23 of its levels.
You also visited: Gauntlet.

You collected 1902 gold pieces.

Inventory:

Missiles
 x - a throwing net
Armour
 a - the +4 moon troll leather armour (worn) {Spirit, Regen++ MP+5}
   (You found it on level 8 of the Dungeon)

   MP:        It affects your magic capacity (+5).
   Regen:     It increases your rate of health regeneration.
 u - a +0 cloak (worn)
 M - an orb of light (worn)
 N - a +2 pair of boots of stealth (worn)
Jewellery
 e - a ring of resist corrosion
 i - a ring of poison resistance
 p - a +4 ring of slaying (right claw)
 C - a ring of see invisible
 D - a ring of protection from fire (left claw)
 P - an amulet of the acrobat (around neck)
Wands
 s - a wand of flame (26)
 y - a wand of charming (14)
 B - a wand of roots (9)
 F - a wand of polymorph (14)
 H - a wand of mindburst (9)
 J - a wand of digging (6)
Scrolls
 c - a scroll of blinking
 d - 5 scrolls of enchant armour
 j - 3 scrolls of immolation
 k - a scroll of silence
 m - a scroll of poison
 n - 8 scrolls of vulnerability
 o - 3 scrolls of amnesia
 E - 3 scrolls of fog
 I - a scroll of magic mapping
 L - 2 scrolls of teleportation
Potions
 b - a potion of magic
 f - 2 potions of attraction
 g - 9 potions of curing
 h - 2 potions of might
 l - 2 potions of haste
 q - 2 potions of cancellation
 r - 5 potions of brilliance
 t - 4 potions of lignification
 v - 2 potions of mutation
 w - 5 potions of flight
 z - a potion of berserk rage {unknown}
 A - 4 potions of heal wounds
 K - 2 potions of resistance {unknown}
 O - a potion of ambrosia {unknown}
Miscellaneous
 G - a phial of floods


   Skills:
 - Level 8.7 Fighting
 - Level 6.0 Dodging
 - Level 1.7 Stealth
 - Level 12.4 Unarmed Combat
 + Level 5.7 Spellcasting
 - Level 8.0 Conjurations
 - Level 5.3 Summonings
 * Level 6.7 Transmutations
 - Level 9.1 Ice Magic
 - Level 6.1 Air Magic
 - Level 5.4 Earth Magic
 - Level 15.2 Invocations


You had 4 spell levels left.
You knew the following spells:

 Your Spells              Type           Power      Damage    Failure   Level
a - Freeze                Ice            100%       1d10      1%          1
b - Frozen Ramparts       Ice            100%       1d16      1%          3
c - Ozocubu's Armour      Ice            50%        N/A       1%          3
d - Summon Ice Beast      Ice/Summ       41%        N/A       6%          4
e - Freezing Cloud        Conj/Ice/Air   22%        6-21      13%         5
f - Irradiate             Conj/Tmut      21%        3d18      16%         5

Your spell library contained the following spells:

 Spells                   Type           Power      Damage    Failure   Level
 Magic Dart               Conj           100%       1d8       1%          1
 Summon Small Mammal      Summ           100%       N/A       1%          1
 Hailstorm                Conj/Ice       47%        3d11      1%          3
 Foxfire                  Conj/Fire      100%       2x1d9     2%          1
 Ensorcelled Hibernation  Hex/Ice        56%        N/A       2%          2
 Sting                    Tmut/Pois      92%        1d7       3%          1
 Momentum Strike          Conj/Tloc      52%        3d9       3%          2
 Ice Form                 Ice/Tmut       45%        N/A       4%          4
 Dazzling Flash           Conj/Hex       52%        N/A       7%          3
 Cigotuvi's Dreadful Rot  Necr/Pois/Air  32%        N/A       8%          2
 Apportation              Tloc           12%        N/A       12%         1
 Necrotise                Necr           24%        1d5       12%         1
 Slow                     Hex            24%        N/A       12%         1
 Ignite Poison            Fire/Tmut/Pois 17%        N/A       14%         3
 Blink                    Tloc           12%        N/A       17%         2
 Lesser Beckoning         Tloc           12%        N/A       17%         2
 Flame Wave               Conj/Fire      26%        2d8       22%         4
 Iskenderun's Mystic Bla  Conj/Tloc      26%        2d7       22%         4
 Sticky Flame             Conj/Fire      26%        2d5       22%         4
 Confusing Touch          Hex            6%         N/A       34%         3
 Gell's Gravitas          Tloc           6%         N/A       34%         3
 Inner Flame              Hex/Fire       6%         N/A       34%         3
 Teleport Other           Tloc           6%         N/A       34%         3
 Vampiric Draining        Necr           6%         2d6       34%         3
 Iskenderun's Battlesphe  Conj           45%        2d10      12%         5
 Fireball                 Conj/Fire      13%        3d7       52%         5
 Conjure Ball Lightning   Conj/Air       20%        3x3d6     67%         6
 Summon Forest            Summ/Tloc      9%         N/A       71%         5
 Summon Mana Viper        Hex/Summ       19%        N/A       71%         5
 Iron Shot                Conj/Erth      19%        9d4       75%         6
 Summon Cactus Giant      Summ           16%        N/A       89%         6
 Orb of Destruction       Conj           22%        9d8       98%         7
 Dragon Form              Tmut           19%        N/A       99%         7
 Dispersal                Tloc           3%         N/A       100%        6
 Ignition                 Fire           3%         3d4       100%        8


Dungeon Overview and Level Annotations

Branches:
Dungeon (15/15) Zot: 26411  Temple (1/1) D:4 Zot: 5832    Lair (5/5) D:10 Zot: 24380
 Shoals (0/4) Lair:3        Snake (0/4) Lair:3        Slime (0/5) Lair:5
    Orc (2/2) D:12 Zot: 10519  Vaults (0/5) D:14        Gauntlet (visited)
    Elf: Orc:2       Depths: D:15

Altars:
Ashenzari
Cheibriados
Dithmenos
Fedhas
Gozag
Hepliaklqana
Kikubaaqudgha
Makhleb
Nemelex Xobeh
Okawaru
Qazlal
Ru
Sif Muna
Trog
Uskayaw
Vehumet
Wu Jian
Xom
Yredelemnul
Jiyva

Shops:
Orc:2 *!

Annotations:
D:9 2 transporters
D:12 1 runed translucent door
D:13 exclusion: 2 doors
D:14 1 runed translucent door, exclusion: 2 doors, bmack86's ghost, journeyman MiFi


Innate Abilities, Weirdness & Mutations

You have a pair of antennae on your head.
You have very sharp fingernails.
You sometimes emit foul miasma when damaged in melee.
When hurt, damage is shared between your health and your magic reserves.
You regenerate magic rapidly.
You have a small tail.


Message History

Unknown command.
Unknown command.
Casting: Frozen Ramparts (safe; 1% risk of failure)
Confirm with . or Enter, or press ? or * to list all spells.
Casting: Frozen Ramparts (safe; 1% risk of failure)
Press: ? - help, Dir - look around, f - activate This square is lit by a halo.
The walls around you are covered in ice.
The wall freezes the orc sorcerer.
The orc sorcerer gestures at you while chanting.
The bolt of fire hits you. You resist.
The wall freezes the orc sorcerer but does no damage.
The orc sorcerer hits you but does no damage.
Casting: Frozen Ramparts (safe; 1% risk of failure)
Confirm with . or Enter, or press ? or * to list all spells.
Aiming: Freezing Cloud (dangerous; 13% risk of failure)
Press: ? - help, Dir - move target That beam is likely to hit you.
Continue anyway?
You are engulfed in freezing vapours.
The orc sorcerer is engulfed in freezing vapours.
The wall freezes the orc sorcerer!
The orc sorcerer is engulfed in freezing vapours.
The wall freezes the orc sorcerer but does no damage.
The orc sorcerer points at you and mumbles some strange words.
You suddenly lose the ability to move!
You are engulfed in freezing vapours.
The orc sorcerer is engulfed in freezing vapours.
You kill the orc sorcerer!
Sif Muna accepts your kill.
The orc sorcerer is engulfed in freezing vapours.
The orc sorcerer resists.
The wall freezes the orc sorcerer.
The orc sorcerer hits you but does no damage.
You are engulfed in freezing vapours.
The orc sorcerer is engulfed in freezing vapours.
The wall freezes the orc sorcerer but does no damage.
The orc sorcerer casts a spell at you. The bolt of negative energy hits you!!
You feel drained.
* * * LOW HITPOINT WARNING * * *
You are engulfed in freezing vapours.
You die...

##........# ...# ..##
##....#...# #..# ...##
##...#....# #..##.#.##
##∩.#.....##. #)......##
#.....#).##.§§ ##.#.....#
##∩[#..[..##§§# ##..†)...#
##)[.#....##§§###..##.#.#####
##.[).#...##§o#..##)..####.##
##)[[..[..##§@.##)..####...#
##))###)..##.##)).###....###
##).###...###).)###....##.##
##[[###...#[..###.........#
#####[)###.#.#[###......##.##
#..###..###...###.......####
##...###..###.###........#####
##...#.###..#####..........##..
#....##.###..###..........##...


You could see an orc sorcerer.

Vanquished Creatures
  A minotaur (Gauntlet)
  A fire dragon (D:14)
  A vault guard (D:14)
  3 demonspawn (Orc:2)
  An ogre mage (D:14)
  A catoblepas (D:12)
  3 hydras
  A boulder beetle (D:14)
  3 centaur warriors (D:14)
  6 death yaks (Lair:2)
  5 two-headed ogres
  7 orc high priests (Orc:2)
  A soul eater (Orc:2)
  A skyshark (Lair:2)
  A fire crab (Lair:4)
  A sea snake (shapeshifter) (D:14)
  A golden dragon skeleton (D:15)
  4 orc sorcerers (Orc:2)
  4 orc knights (Orc:2)
  A necromancer (D:15)
  A manticore (shapeshifter) (D:14)
  A salamander (shapeshifter) (D:14)
  2 ugly things
  21 elephants
  4 cyclopes
  4 black mambas
  A torpor snail (Lair:4)
  Maggie (D:7)
  An orange demon (Orc:2)
  13 cane toads
  4 rime drakes
  2 freezing wraiths
  An ice devil (Orc:2)
  7 komodo dragons
  4 efreet
  4 burning bushes (Lair:2)
  2 trolls
  9 hornets
  3 meliai (D:13)
  A queen bee (D:10)
  Prince Ribbit (D:7)
  5 blink frogs
  5 polar bears
  8 dream sheep
  A spriggan zombie (D:15)
  Eustachio (D:4)
  2 centaur simulacra (Gauntlet)
  6 wraiths
  30 yaks
  3 shadows
  12 spriggans (Lair:5)
  4 wyverns
  A fire elemental (Gauntlet)
  3 basilisks
  3 wargs (D:10)
  3 steam dragons
  3 vampire mosquitoes
  2 acid dragons (D:12)
  4 nagas (Lair:3)
  2 hell hounds (Gauntlet)
  22 orc warriors
  17 water moccasins
  Pargi (D:4)
  7 black bears
  3 boggarts (Lair:5)
  7 ogres
  45 wolves
  6 centaurs
  3 phantoms
  3 kobold brigands
  19 bullfrogs
  A cane toad simulacrum (Gauntlet)
  A gnoll sergeant (D:9)
  18 killer bees
  4 electric eels
  4 howler monkeys
  3 hounds
  3 jellies
  16 orc priests
  Ijyb (D:4)
  A gnoll bouda (D:5)
  A sleepcap (D:5)
  4 iguanas
  22 orc wizards
  Robin (D:2)
  13 gnolls
  11 adders
  A shadow imp (D:5)
  An ufetubus (D:5)
  A worm (D:3)
  2 dart slugs
  60 orcs
  16 bats
  5 endoplasms
  4 giant cockroaches
  15 goblins
  4 hobgoblins
  2 jackals (D:1)
  14 kobolds
  4 quokkas
  5 ball pythons
  2 frilled lizards (D:2)
  4 rats (D:1)
609 creatures vanquished.

Vanquished Creatures (collateral kills)
  A two-headed ogre (D:12)
  A flayed ghost (D:8)
  A hellwing (Orc:1)
  A hornet (Lair:5)
  A spriggan (Lair:5)
  A wraith (D:8)
  A vampire mosquito (D:11)
  2 water moccasins
  An orc warrior (D:8)
  3 wolves (Lair:5)
  An orc priest (D:10)
  3 gnolls (D:9)
  An orc (D:12)
18 creatures vanquished.

Vanquished Creatures (others)
  14 fungi
  49 plants
  21 withered plants (Gauntlet)
84 creatures vanquished.

Grand Total: 711 creatures vanquished

Notes
Turn   | Place    | Note
-------+----------+-------------------------------------------
     0 | D:1      | Zeldest the Demonspawn Ice Elementalist began the quest for
                  | the Orb.
     0 | D:1      | Reached XP level 1. HP: 13/13 MP: 3/3
   159 | D:1      | Discovered your monstrous ancestry.
   159 | D:1      | Gained mutation: You have sharp fingernails. [demonic
                  | ancestry]
   159 | D:1      | Reached XP level 2. HP: 19/20 MP: 5/5
   320 | D:1      | Reached skill level 1 in Fighting
   683 | D:1      | Found a faded altar of an unknown god.
   800 | D:1      | Reached skill level 1 in Unarmed Combat
   800 | D:1      | Gained mutation: You may rarely emit foul miasma when
                  | damaged in melee. [demonic ancestry]
   800 | D:1      | Reached XP level 3. HP: 21/26 MP: 2/6
   965 | D:2      | Learned a level 3 spell: Frozen Ramparts
  1307 | D:2      | Noticed Robin
  1452 | D:2      | Killed Robin
  1453 | D:2      | Gained mutation: You regenerate magic rapidly. [demonic
                  | ancestry]
  1453 | D:2      | Reached XP level 4. HP: 26/33 MP: 2/7
  2275 | D:3      | Reached XP level 5. HP: 38/39 MP: 4/8
  2507 | D:4      | Noticed Ijyb
  2582 | D:4      | Killed Ijyb
  2644 | D:4      | Learned a level 3 spell: Ozocubu's Armour
  2650 | D:4      | Noticed Pargi
  2664 | D:4      | Killed Pargi
  2665 | D:4      | Gained mutation: You have a pair of small antennae on your
                  | head. [demonic ancestry]
  2665 | D:4      | Reached XP level 6. HP: 45/47 MP: 1/9
  2870 | D:4      | Noticed Eustachio
  2905 | D:4      | Killed Eustachio
  2906 | D:4      | Reached skill level 5 in Ice Magic
  3188 | D:4      | Found a staircase to the Ecumenical Temple.
  3216 | Temple   | Entered the Ecumenical Temple
  3361 | Temple   | Became a worshipper of Sif Muna the Loreminder
  3771 | D:5      | Entered Level 5 of the Dungeon
  3888 | D:5      | Gained mutation: When hurt, damage is shared between your
                  | health and your magic reserves. [demonic ancestry]
  3888 | D:5      | Reached XP level 7. HP: 47/54 MP: 4/10
  4216 | D:5      | Reached skill level 1 in Invocations
  4440 | D:5      | Reached skill level 2 in Invocations
  4545 | D:5      | Found an opulent altar of Gozag.
  4545 | D:5      | Found a stormy altar of Qazlal.
  4777 | D:5      | Found an ancient bone altar of Kikubaaqudgha.
  4905 | D:5      | Identified the +4 long sword of Truncation {flame, Int+6}
  4997 | D:5      | Reached XP level 8. HP: 56/61 MP: 4/11
  5033 | D:5      | Reached skill level 5 in Fighting
  5256 | D:6      | Reached * piety under Sif Muna
  5259 | D:6      | Reached skill level 3 in Invocations
  5588 | D:6      | Reached skill level 1 in Summonings
  5934 | D:7      | Reached skill level 4 in Invocations
  6019 | D:7      | Noticed Prince Ribbit
  6055 | D:7      | Killed Prince Ribbit
  6056 | D:7      | Reached skill level 5 in Unarmed Combat
  6404 | D:7      | Found a shadowy altar of Dithmenos.
  6405 | D:7      | Found a basalt altar of Yredelemnul.
  6405 | D:7      | Found a bloodstained altar of Trog.
  6406 | D:7      | Noticed Maggie
  6438 | D:7      | Killed Maggie
  6439 | D:7      | Reached skill level 5 in Invocations
  6439 | D:7      | Gained mutation: You have a pair of antennae on your head.
                  | [demonic ancestry]
  6439 | D:7      | Reached XP level 9. HP: 40/69 MP: 3/14
  6712 | D:7      | Reached ** piety under Sif Muna
  7010 | D:7      | Learned a level 4 spell: Summon Ice Beast
  7018 | D:7      | Identified the +2 hand axe of the Eight Servitors {flame,
                  | rPois rCorr}
  7368 | D:8      | Reached skill level 6 in Invocations
  7802 | D:8      | Found a hide-covered altar of Uskayaw.
  7918 | D:8      | Reached skill level 7 in Invocations
  7918 | D:8      | Gained mutation: You have a small tail. [demonic ancestry]
  7918 | D:8      | Reached XP level 10. HP: 77/79 MP: 8/16
  7957 | D:8      | Found a shimmering altar of Xom.
  8210 | D:8      | Reached skill level 5 in Summonings
  8285 | D:8      | Found a basalt altar of Yredelemnul.
  8291 | D:8      | Found a hazy altar of Hepliaklqana.
  8292 | D:8      | Found a runed translucent door.
  8349 | D:8      | Found a blossoming altar of Fedhas.
  8354 | D:8      | Found a blossoming altar of Fedhas.
  8362 | D:8      | Noticed a flayed ghost
  8363 | D:8      | Found the +4 moon troll leather armour {Spirit, Regen++
                  | MP+5}
  8379 | D:8      | Killed a flayed ghost
  8380 | D:8      | Reached skill level 8 in Invocations
  8597 | D:9      | Reached *** piety under Sif Muna
  8685 | D:9      | Noticed a brown ugly thing
  8696 | D:9      | Found a transporter.
  8794 | D:9      | Found a transporter.
  8870 | D:9      | Noticed a cyclops
  8876 | D:9      | Noticed a five-headed hydra
  9350 | D:10     | Entered Level 10 of the Dungeon
  9409 | D:10     | You fall into a shaft and drop 2 floors!
  9589 | D:11     | Noticed a two-headed ogre
  9645 | D:12     | Noticed a two-headed ogre
  9741 | D:12     | Found a runed translucent door.
  9743 | D:12     | Noticed a cyclops
  9743 | D:12     | Noticed a boulder beetle
  9744 | D:12     | Noticed a two-headed ogre
  9771 | D:12     | Killed a two-headed ogre
  9772 | D:12     | Reached skill level 9 in Invocations
  9803 | D:12     | Noticed a catoblepas
 10178 | D:11     | Gained mutation: You have very sharp fingernails. [demonic
                  | ancestry]
 10178 | D:11     | Reached XP level 11. HP: 85/87 MP: 12/17
 10324 | D:10     | Reached skill level 1 in Conjurations
 10502 | D:10     | Reached skill level 1 in Air Magic
 10695 | D:10     | Found a staircase to the Lair.
 11089 | Lair:1   | Entered Level 1 of the Lair of Beasts
 11224 | Lair:1   | Reached skill level 10 in Invocations
 11454 | Lair:1   | Reached **** piety under Sif Muna
 11673 | Lair:1   | Learned a level 5 spell: Freezing Cloud
 12234 | Lair:2   | Noticed a skyshark
 12245 | Lair:2   | Killed a skyshark
 12253 | Lair:2   | Reached skill level 11 in Invocations
 12519 | Lair:2   | Reached XP level 12. HP: 77/94 MP: 17/20
 12573 | Lair:2   | Noticed a death yak
 12573 | Lair:2   | Noticed a death yak
 12594 | Lair:2   | Killed a death yak
 12610 | Lair:2   | Noticed a death yak
 12615 | Lair:2   | Noticed a death yak
 12618 | Lair:2   | Noticed a death yak
 12619 | Lair:2   | Noticed a death yak
 12631 | Lair:2   | Killed a death yak
 12632 | Lair:2   | Reached skill level 5 in Conjurations
 12640 | Lair:2   | Killed a death yak
 12762 | Lair:2   | Reached skill level 5 in Air Magic
 12861 | Lair:2   | Killed a death yak
 12862 | Lair:2   | Reached skill level 12 in Invocations
 12866 | Lair:2   | Killed a death yak
 12872 | Lair:2   | Killed a death yak
 13232 | Lair:3   | Noticed an eight-headed hydra
 13241 | Lair:3   | Killed an eight-headed hydra
 13241 | Lair:3   | Reached ***** piety under Sif Muna
 13312 | Lair:3   | Reached skill level 10 in Unarmed Combat
 13744 | Lair:3   | Found a staircase to the Snake Pit.
 13756 | Lair:3   | Received a gift from Sif Muna
 13785 | Lair:3   | Reached skill level 13 in Invocations
 13830 | Lair:3   | Found a staircase to the Shoals.
 14028 | Lair:3   | Reached XP level 13. HP: 99/99 MP: 22/22
 14750 | Lair:4   | Reached skill level 5 in Spellcasting
 14868 | Lair:4   | Received a gift from Sif Muna
 14938 | Lair:4   | Reached skill level 5 in Dodging
 14947 | Lair:4   | Reached skill level 14 in Invocations
 15355 | Lair:5   | Entered Level 5 of the Lair of Beasts
 16111 | Lair:5   | Gained mutation: You sometimes emit foul miasma when
                  | damaged in melee. [demonic ancestry]
 16111 | Lair:5   | Reached XP level 14. HP: 51/106 MP: 9/25
 16216 | Lair:5   | Reached skill level 15 in Invocations
 16220 | Lair:5   | Received a gift from Sif Muna
 16548 | Lair:5   | Found a viscous altar of Jiyva.
 16551 | Lair:5   | Found a staircase to the Slime Pits.
 17915 | D:12     | Reached skill level 1 in Transmutations
 17919 | D:12     | Reached skill level 1 in Earth Magic
 18035 | D:12     | Found a staircase to the Orcish Mines.
 18169 | D:12     | Noticed a fire giant
 18265 | D:13     | Found a gate leading to a gauntlet.
 18319 | Gauntlet | Entered a Gauntlet
 18319 | Gauntlet | Found a transporter.
 18328 | Gauntlet | Found a transporter.
 18343 | Gauntlet | Found a transporter.
 18348 | Gauntlet | Found a transporter.
 18363 | Gauntlet | Found a transporter.
 18379 | Gauntlet | Found a transporter.
 18394 | Gauntlet | Found a transporter.
 18406 | Gauntlet | Found a transporter.
 18412 | Gauntlet | Found a transporter.
 18412 | Gauntlet | Found a transporter.
 18427 | Gauntlet | Found a transporter.
 18433 | Gauntlet | Found a transporter.
 18448 | Gauntlet | Found a transporter.
 18465 | Gauntlet | Found a transporter.
 18484 | Gauntlet | Found a transporter.
 18511 | Gauntlet | Found a transporter.
 18513 | Gauntlet | Found a transporter.
 18533 | Gauntlet | Found a transporter.
 18729 | Gauntlet | Received a gift from Sif Muna
 18730 | Gauntlet | Got Sif Muna's Elucidation of Wounds {god gift}
 19565 | D:14     | Found a runed translucent door.
 19565 | D:14     | Found a shimmering altar of Xom.
 19565 | D:14     | Noticed bmack86's ghost (journeyman MiFi)
 20091 | D:14     | Identified the +8 falchion "Nagurr" {flame, rCorr Dex+3
                  | Stlth+}
 20296 | D:14     | Found a gate to the Vaults.
 20437 | D:15     | Entered Level 15 of the Dungeon
 20659 | D:15     | Reached skill level 5 in Transmutations
 20659 | D:15     | Reached skill level 5 in Earth Magic
 21039 | Orc:1    | Entered Level 1 of the Orcish Mines
 21197 | Orc:2    | Entered Level 2 of the Orcish Mines
 21654 | Orc:2    | Found Qamip's Distillery.
 21860 | Orc:2    | Found Husch's General Store.
 21869 | Orc:2    | Received a gift from Sif Muna
 21870 | Orc:2    | Got Sif Muna's Dissertation on Transformed Congelation {god
                  | gift}
 22016 | Orc:2    | Reached XP level 15. HP: 96/112 MP: 23/26
 22232 | Orc:1    | Learned a level 5 spell: Irradiate
 22529 | Orc:2    | Paralysed by an orc sorcerer for 5 turns
 22535 | Orc:2    | Paralysed by an orc sorcerer for 5 turns
 22538 | Orc:2    | Engulfed by a cloud of freezing vapour

Illustrated notes

Levels and vault maps discovered:
D:1:      lightli_arrival_boilingwater, layout_rooms,
          shapermc_ecumenical_altar_flowoftime
D:2:      layout_basic, uniq_robin
D:3:      layout_loops_cross, minmay_misc_feat_rows, minivault_4,
          chequers_serial_rivers_micro_b
D:4:      layout_basic, minmay_temple_entry_glassed_door, uniq_pargi, uniq_ijyb,
          uniq_eustachio
D:5:      layout_basic, nicolae_kikubaaqudgha_miasma_corner,
          gammafunk_temple_overflow_elements, hangedman_decor_clover_reticule,
          kennysheep_crisscross, kennysheep_generic_room_14
D:6:      layout_loops_ring
D:7:      layout_loops_ring, grunt_temple_overflow_open, uniq_prince_ribbit1,
          uniq_maggie
D:8:      due_megacathedral, layout_basic, lemuel_coloured_pillars_altar,
          grunt_ministairs_3
D:9:      gammafunk_the_bubble [the_bubble_gammafunk_split], layout_long_grid
D:10:     layout_basic, erik_lair_orcish_takeover, nicolae_looking_at_the_future
D:11:     layout_gridville, nicolae_figureground_pulse
D:12:     layout_rooms, erik_orc_2, lightli_airlock
D:13:     layout_roguey, gauntlet_entry_generic, uniq_josephine
D:14:     dreamdust_experimentation, layout_basic, david_vaults_4,
          ebering_ghost_xom
D:15:     gammafunk_depths_entry_grave, layout_small_grid, minmay_misc_feat_iff,
          serial_bayou, serial_bayou_pond_d, serial_bayou_pond_b,
          serial_bayou_ford_a, serial_bayou_pond_e, serial_bayou_shore_a
Temple:   nicolae_temple_superstar
Lair:1:   layout_long_grid, serial_bayou_pond_b, serial_bayou_lagoon_b
Lair:2:   layout_misc_corridors, evilmike_ambush [evilmike_ambush_outer_corners,
          evilmike_ambush_inner_pond]
Lair:3:   layout_chaotic_city, elwin_shoals_entry_rocks,
          minmay_snake_entry_guardpost_small, grunt_megastairs_1
Lair:4:   layout_hall_layers, st_stairs_11
Lair:5:   minmay_lair_end_enchanted_forest, layout_cave_shapes,
          dpeg_slime_entry_corner, minivault_27, nicolae_quartered_pool_super,
          grunt_forest_large_clearings
Orc:1:    layout_caves
Orc:2:    pf_orc_diabolical, layout_caves

Skill      XL: |  1  2  3  4  5  6  7  8  9 10 11 12 13 14 15 |
---------------+----------------------------------------------+-----
Fighting       | 1 2 3 4 6 7 8 |  8.7
Unarmed Combat | 1 2 3 4 5 6 7 8 10 11 12 | 12.4
Ice Magic      | 4 5 6 7 8 9 |  9.1
Invocations    | 2 5 7 9 11 13 14 15 | 15.2
Summonings     | 2 4 5 |  5.3
Spellcasting   | 3 4 5 |  5.7
Conjurations   | 4 6 7 8 |  8.0
Air Magic      | 4 5 6 |  6.1
Dodging        | 3 6 |  6.0
Transmutations | 5 6 |  6.7
Earth Magic    | 5 |  5.4
Stealth        | |  1.7

Action                     |  1- 3 |  4- 6 |  7- 9 | 10-12 | 13-15 || total
---------------------------+-------+-------+-------+-------+-------++-------
  Melee: Short sword       |    67 |       |       |       |       ||    67
         Punch             |     3 |       |    13 |    36 |    25 ||    77
         Dagger            |     9 |    14 |       |       |       ||    23
         Unarmed           |       |    67 |   219 |   494 |   688 ||  1468
         Tailslap          |       |       |       |    99 |   151 ||   250
   Cast: Freeze            |    25 |    26 |     3 |       |     4 ||    58
         Frozen Ramparts   |     2 |    10 |    34 |    57 |    74 ||   177
         Ozocubu's Armour  |       |     3 |    26 |    43 |    55 ||   127
         Summon Ice Beast  |       |       |       |    23 |    21 ||    44
         Freezing Cloud    |       |       |       |     1 |    47 ||    48
 Invoke: Channel Magic     |       |       |       |       |     5 ||     5
  Evoke: Wand              |       |       |       |     2 |    10 ||    12
    Use: Scroll            |       |    10 |     2 |    12 |     8 ||    32
         Potion            |       |       |     4 |     3 |     3 ||    10
   Stab: Sleeping          |     4 |     3 |     4 |       |     2 ||    13
         Distracted        |     1 |       |       |       |     1 ||     2
 Armour: Robe              |    14 |    38 |       |       |       ||    52
         Leather armour    |       |     3 |    71 |    21 |       ||    95
         Troll leather arm |       |       |       |   183 |   254 ||   437
         Skin              |       |       |       |       |     7 ||     7
  Dodge: Dodged            |    63 |    78 |   110 |   268 |   411 ||   930

Table legend: (Time is in decaauts)
 A = Elapsed time spent in this place.
 B = Non-inter-level travel time spent in this place.
 C = Inter-level travel time spent in this place.
 D = Time resting spent in this place.
 E = Time spent auto-exploring this place.
 F = Levels seen in this place.
 G = Mean time per level.
                   A        B        C        D        E       F      G
               +--------+--------+--------+--------+--------+-----+--------+
         Total |  22361 |  21277 |   1084 |   4755 |  10192 |  24 |  931.7 |
       Dungeon |  14461 |  13678 |    783 |   2873 |   7254 |  15 |  964.1 |
        Temple |    167 |    115 |     52 |      0 |     96 |   1 |  167.0 |
          Lair |   5619 |   5388 |    231 |   1225 |   2324 |   5 | 1123.8 |
  Orcish Mines |   1480 |   1464 |     16 |    624 |    216 |   2 |  740.0 |
      Gauntlet |    632 |    632 |      0 |     32 |    301 |   1 |  632.0 |
               +--------+--------+--------+--------+--------+-----+--------+

Top non-repeatable levels by time:
     D:8: 1490 daAuts
     D:5: 1391 daAuts
  Lair:5: 1371 daAuts
     D:7: 1267 daAuts
    D:12: 1167 daAuts
     D:4: 1143 daAuts
  Lair:2: 1082 daAuts
  Lair:3: 1066 daAuts
  Lair:4: 1053 daAuts
  Lair:1: 1044 daAuts
    D:14: 1016 daAuts
    D:11: 980 daAuts
   Orc:2: 913 daAuts
     D:3: 880 daAuts
     D:9: 875 daAuts
